 Dungeon Crawl Stone Soup version 0.23-a0-378-gd7a6ca6 (webtiles) character file.

19550 Gergoth the Fighter (level 12, -7/86 HPs)
             Began as a Gargoyle Gladiator on Oct 27, 2018.
             Was an Elder of Vehumet.
             Mangled by a freezing wraith (17 damage)
             ... in an ice cave.
             The game lasted 00:24:45 (15046 turns).

Gergoth the Fighter (Gargoyle Gladiator)           Turns: 15046, Time: 00:24:46

Health: -7/86      AC: 22    Str: 19    XL:     12   Next: 70%
Magic:  4/15       EV: 12    Int: 13    God:    Vehumet [****..]
Gold:   308        SH:  0    Dex: 13    Spells: 6/15 levels left

rFire    . . .     SeeInvis .   r - +4 quarterstaff (chaos)
rCold    . . .     Gourm    .   (shield currently unavailable)
rNeg     + . .     Faith    .   I - +3 leather armour {MR+}
rPois    ∞         Spirit   .   c - +1 helmet
rElec    +         Reflect  .   g - +2 cloak
rCorr    +         Harm     .   z - +0 pair of gloves
MR       +....                  E - +0 pair of boots
Stlth    +.........             m - amulet of the acrobat
HPRegen  0.24/turn              t - ring of resist corrosion
MPRegen  0.14/turn              A - +2 ring of dexterity

@: very slightly contaminated, slowed, very slow
A: negative energy resistance 1, electricity resistance, unbreathing,
petrification resistance, rot immunity, AC +8
a: Renounce Religion


You were in an ice cave.
You worshipped Vehumet.
Vehumet was greatly pleased with you.
You were not hungry.

You visited 2 branches of the dungeon, and saw 13 of its levels.
You also visited: Ossuary and Ice Cave.

You collected 698 gold pieces.
You spent 390 gold pieces at shops.

Inventory:

Hand Weapons
 a - a +0 flail
 r - a +4 quarterstaff of chaos (weapon)
Missiles
 d - 2 throwing nets (quivered)
Armour
 c - a +1 helmet (worn)
 g - a +2 cloak (worn)
 p - a +0 chain mail
 z - a +0 pair of gloves (worn)
 E - a +0 pair of boots (worn)
 I - a +3 leather armour of magic resistance (worn)
Magical Staves
 N - an uncursed staff of power
Jewellery
 m - an amulet of the acrobat (around neck)
 t - a ring of resist corrosion (left hand)
 A - a +2 ring of dexterity (right hand)
Wands
 G - a wand of digging (7)
 K - a wand of flame (32)
 L - a wand of enslavement (7)
Scrolls
 b - a scroll of blinking
 k - 13 scrolls of remove curse
 o - 5 scrolls of teleportation
 x - 2 scrolls of fog
 y - a scroll of magic mapping
 H - 3 scrolls of identify
 M - a scroll of fear
 O - a scroll of torment {unknown}
Potions
 e - 4 potions of curing
 h - 4 potions of flight
 i - 2 potions of lignification {unknown}
 j - 2 potions of mutation
 l - 3 potions of invisibility
 n - 4 potions of brilliance
 q - 5 potions of haste
 s - 4 potions of heal wounds
 v - a potion of cancellation {unknown}
 B - a potion of resistance {unknown}
 C - 2 potions of agility
 D - 2 potions of ambrosia
 F - a potion of berserk rage {unknown}
Miscellaneous
 w - a lamp of fire (inert)
Comestibles
 f - 29 rations


   Skills:
 - Level 14.9 Fighting
 - Level 14.0 Maces & Flails
 - Level 1.7 Throwing
 + Level 2.4 Armour
 - Level 2.4 Dodging
 + Level 2.0 Spellcasting
 + Level 2.4 Conjurations
 + Level 2.2 Fire Magic


You had 6 spell levels left.
You knew the following spells:

 Your Spells              Type           Power        Failure   Level  Hunger
a - Throw Flame           Conj/Fire      #.....       4%          2    ###....
b - Sticky Flame          Conj/Fire      #.......     28%         4    #####..
c - Conjure Flame         Conj/Fire      #.......     10%         3    ####...

Your spell library contained the following spells:

 Spells                   Type           Power        Failure   Level  Hunger
 Venom Bolt               Conj/Pois      #.........   75%         5    ######.
 Flame Tongue             Conj/Fire      #....        3%          1    ##.....
 Inner Flame              Hex/Fire       #.......     16%         3    ####...
 Beastly Appendage        Tmut           #.....       30%         1    ##.....
 Corona                   Hex            #......      30%         1    ##.....
 Slow                     Hex            #.......     41%         2    ###....
 Sticks to Snakes         Tmut           #.......     41%         2    ###....
 Fireball                 Conj/Fire      #.........   58%         5    ######.
 Portal Projectile        Hex/Tloc       #.....       65%         3    ####...
 Spider Form              Tmut/Pois      #.........   65%         3    ####...
 Irradiate                Conj/Tmut      #.........   75%         5    ######.
 Cause Fear               Hex            #.........   96%         4    #####..
 Ice Form                 Ice/Tmut       #.......     96%         4    #####..
 Leda's Liquefaction      Hex/Erth       #.........   96%         4    #####..
 Blade Hands              Tmut           #.........   100%        5    ######.
 Hydra Form               Tmut           #.........   100%        6    #######
 Dragon Form              Tmut           #.........   100%        7    #######
 Statue Form              Tmut/Erth      Unusable     N/A         6    N/A

Dungeon Overview and Level Annotations

Branches:
Dungeon (8/15)             Temple (0/1) D:7            Lair (5/6) D:8
  Swamp (0/4) Lair:4       Spider (0/4) Lair:2
  Slime: Lair:5-6

Altars:
Ashenzari
Cheibriados
Gozag
Makhleb
Nemelex Xobeh
Vehumet
Wu Jian
Xom
Yredelemnul
Zin
The Shining One

Shops:
D:4 !


Innate Abilities, Weirdness & Mutations

You are resistant to torment.
Your stone body is resilient. (AC +8)
You are immune to poison.
You resist negative energy. (rN+)
You are resistant to electric shocks. (rElec)
You can survive without breathing.
You are immune to petrification.
You are immune to rotting.


Message History

Your freezing wraith freezes the freezing wraith.
The freezing wraith completely resists.
Your freezing wraith barely misses the freezing wraith.
You closely miss the freezing wraith.
The freezing wraith is moderately damaged.
The freezing wraith hits you but does no damage.
The freezing wraith barely misses you.
Your freezing wraith hits the freezing wraith!
Your freezing wraith freezes the freezing wraith.
The freezing wraith completely resists.
Your freezing wraith hits the freezing wraith!
The freezing wraith hits you but does no damage.
The freezing wraith barely misses you.
You hit the freezing wraith but do no damage.
The freezing wraith is almost destroyed.
Your freezing wraith hits the freezing wraith but does no damage. x2
The freezing wraith hits you!
* * * LOW HITPOINT WARNING * * *
The freezing wraith freezes you!
You die...

# ## ##. #### ##..
##..## #### #...
##....#####..####..
#.......##....##...
##.@WW.......#......
##...........###.....
##.##....##..##
###...
##.####..###### ##..
##.## #### #... ##.##
##.. #.## ##. ### ##


You could see a freezing wraith and a friendly freezing wraith.

Vanquished Creatures
  2 hydras (Lair:1)
  A black mamba (Lair:1)
  9 spiny frogs
  A torpor snail (Lair:4)
  A rime drake (Lair:5)
  2 freezing wraiths (IceCv)
  3 komodo dragons
  A yaktaur (Lair:1)
  A jumping spider (Lair:2)
  A bog body (Lair:4)
  A hornet (D:8)
  3 hippogriffs
  9 blink frogs
  2 redbacks (Lair:2)
  13 yaks
  Eustachio (D:6)
  2 wyverns (Lair:3)
  2 basilisks
  3 death yak simulacra (IceCv)
  Edmund (D:6)
  3 swamp worms (Lair:4)
  2 porcupines
  8 water moccasins
  An orc warrior (D:7)
  2 sky beasts
  7 ice beasts
  An eye of draining (D:7)
  A phantom (D:5)
  An ice beast (shapeshifter) (Lair:3)
  A boggart (shapeshifter) (D:7)
  3 ogres
  5 wolves (Lair:1)
  3 centaurs (Lair:3)
  8 crocodiles
  2 elf zombies (Ossuary)
  14 bullfrogs
  3 scorpions
  5 wights (D:8)
  An electric eel (Lair:4)
  2 crimson imps
  A centaur zombie (Ossuary)
  A bullfrog zombie (D:5)
  6 hounds
  2 centaur skeletons
  3 orc priests
  Crazy Yiuf (D:3)
  7 jellies
  An iguana (D:4)
  8 orc wizards
  A polar bear simulacrum (IceCv)
  8 worker ants
  A big kobold zombie (Ossuary)
  A hound skeleton (D:7)
  2 mummies (Ossuary)
  2 howler monkey skeletons (D:6)
  A worker ant zombie (D:5)
  A gnoll (D:7)
  11 adders
  2 shadow imps
  5 white imps (IceCv)
  9 oozes (D:2)
  2 adder zombies
  2 adder skeletons
  A worm (D:3)
  3 dart slugs
  6 leopard geckos
  36 orcs
  A ball python (D:6)
  5 giant cockroaches
  8 goblins
  A hobgoblin (D:3)
  21 jackals
  14 kobolds
  A quokka (D:5)
  11 bats
  7 frilled lizards
  2 goblin zombies (Ossuary)
  14 hobgoblin zombies (Ossuary)
  A jackal skeleton (D:5)
  8 kobold zombies (Ossuary)
  6 orc zombies (Ossuary)
  A quokka zombie (D:5)
  5 rats
  2 rat zombies (Ossuary)
  A plant (Lair:3)
365 creatures vanquished.

Vanquished Creatures (collateral kills)
  A leopard gecko (D:5)
1 creature vanquished.

Vanquished Creatures (others)
  A dart slug (D:5)
  8 fungi
  9 toadstools (D:2)
18 creatures vanquished.

Grand Total: 384 creatures vanquished

Notes
Turn   | Place    | Note
-------+----------+-------------------------------------------
     0 | D:1      | Gergoth the Gargoyle Gladiator began the quest for the Orb.
     0 | D:1      | Reached XP level 1. HP: 12/12 MP: 1/1
   197 | D:1      | Reached XP level 2. HP: 18/18 MP: 2/2
   456 | D:1      | Reached XP level 3. HP: 19/23 MP: 3/3
  1115 | D:2      | Reached XP level 4. HP: 24/28 MP: 4/4
  1390 | D:2      | Found a glowing silver altar of Zin.
  1390 | D:2      | Found a burning altar of Makhleb.
  1391 | D:2      | Noticed a blizzard demon
  1391 | D:2      | Noticed an angel
  1649 | D:2      | Reached XP level 5. HP: 29/33 MP: 5/5
  2991 | D:3      | Reached skill level 5 in Maces & Flails
  2995 | D:3      | Reached XP level 6. HP: 37/40 MP: 6/6
  3026 | D:3      | Reached skill level 5 in Fighting
  3233 | D:3      | Found a runed door.
  3533 | D:3      | Noticed Crazy Yiuf
  3548 | D:3      | Killed Crazy Yiuf
  3817 | D:4      | Reached XP level 7. HP: 32/46 MP: 7/7
  3882 | D:4      | Found a sand-covered staircase.
  3888 | Ossuary  | Entered an ossuary
  4429 | D:4      | Reached XP level 8. HP: 28/53 MP: 8/8
  5031 | D:4      | Found Ogief's Distillery.
  5034 | D:4      | Bought a potion of heal wounds for 65 gold pieces
  5034 | D:4      | Bought a potion of curing for 39 gold pieces
  5034 | D:4      | Bought a potion of mutation for 104 gold pieces
  5072 | D:5      | Entered Level 5 of the Dungeon
  5397 | D:5      | Found a basalt altar of Yredelemnul.
  5399 | D:5      | Noticed a profane servitor
  5405 | D:5      | Found a glowing golden altar of the Shining One.
  5472 | D:5      | Found a snail-covered altar of Cheibriados.
  5808 | D:5      | Found a radiant altar of Vehumet.
  5816 | D:5      | Became a worshipper of Vehumet
  6021 | D:5      | Found an opulent altar of Gozag.
  6173 | D:5      | Noticed an angel
  6316 | D:6      | Reached XP level 9. HP: 60/60 MP: 9/9
  6518 | D:6      | Noticed Edmund
  6534 | D:6      | Killed Edmund
  6815 | D:6      | Noticed Eustachio
  6837 | D:6      | Killed Eustachio
  7112 | D:7      | Found a staircase to the Ecumenical Temple.
  7252 | D:7      | Reached skill level 10 in Fighting
  7339 | D:7      | Reached * piety under Vehumet
  7339 | D:7      | Offered knowledge of Sandblast by Vehumet.
  7367 | D:7      | Learned a level 1 spell: Sandblast
  7694 | D:7      | Found a sparkling altar of Nemelex Xobeh.
  7712 | D:7      | Reached skill level 10 in Maces & Flails
  7779 | D:7      | Found a shimmering altar of Xom.
  8082 | D:8      | Found a shattered altar of Ashenzari.
  8161 | D:8      | Noticed a hornet
  8184 | D:8      | Reached XP level 10. HP: 54/68 MP: 10/10
  8223 | D:8      | Found a staircase to the Lair.
  8999 | D:4      | Bought a potion of haste for 130 gold pieces
  8999 | D:4      | Bought a potion of agility for 52 gold pieces
  9123 | Lair:1   | Entered Level 1 of the Lair of Beasts
  9138 | Lair:1   | Noticed a five-headed hydra
  9152 | Lair:1   | Killed a five-headed hydra
  9265 | Lair:1   | Noticed a spiny frog
  9319 | D:8      | Killed a spiny frog
  9810 | Lair:1   | Learned a level 2 spell: Throw Flame
  9815 | Lair:1   | Learned a level 4 spell: Sticky Flame
  9850 | Lair:1   | Noticed a six-headed hydra
  9864 | Lair:1   | Killed a six-headed hydra
  9915 | Lair:1   | Noticed a spiny frog
  9918 | Lair:1   | Noticed a black mamba
  9928 | Lair:1   | Noticed a spiny frog
  9934 | Lair:1   | Killed a spiny frog
  9954 | Lair:1   | Reached XP level 11. HP: 76/76 MP: 11/11
  9955 | Lair:1   | Reached ** piety under Vehumet
  9955 | Lair:1   | Offered knowledge of Searing Ray by Vehumet.
 10940 | Lair:2   | Found a hole to the Spider Nest.
 11150 | Lair:2   | Offered knowledge of Ignite Poison by Vehumet.
 11609 | Lair:3   | Reached *** piety under Vehumet
 12150 | Lair:3   | Reached XP level 12. HP: 48/85 MP: 12/12
 12334 | Lair:3   | Offered knowledge of Static Discharge by Vehumet.
 12720 | Lair:3   | Found an ornate altar of the Wu Jian Council.
 13306 | Lair:4   | Found a staircase to the Swamp.
 14110 | Lair:5   | Reached skill level 1 in Conjurations
 14124 | Lair:5   | Found a frozen archway.
 14128 | Lair:5   | Reached **** piety under Vehumet
 14128 | Lair:5   | Reached skill level 1 in Armour
 14128 | Lair:5   | Reached skill level 1 in Fire Magic
 14136 | Lair:5   | Reached skill level 1 in Spellcasting
 14184 | IceCv    | Entered an ice cave
 14210 | IceCv    | Offered knowledge of Venom Bolt by Vehumet.
 14467 | IceCv    | Learned a level 3 spell: Conjure Flame
 15046 | IceCv    | Mangled by a freezing wraith

Vault maps used:
D:1:      lightli_arrival_flooded_house
D:2:      cheibrodos_fertilizer, grunt_temple_overflow_order_and_chaos_2
D:3:      uniq_crazy_yiuf_cottage
D:4:      nicolae_ossuary_entry_plus, serial_shops, kennysheep_mini_moat,
          hangedman_minor_gate_pass
D:5:      grunt_temple_overflow_holy_war, lemuel_round_altar,
          kennysheep_slug_shrine, nicolae_overflow_hidden_temple, first_ration,
          grunt_ministairs_13
D:6:      uniq_edmund, uniq_eustachio
D:7:      nemelex_altar_shiori, overflow_temple_1_default,
          minmay_temple_entry_mist, grunt_ogre_cave
D:8:      lemuel_crystal_altar, dpeg_oklobed_lair
Lair:1:   infiniplex_staircase_pool_2
Lair:2:   spider_nest_entry_funnel_web, cheibrodos_lair_reptile_den
Lair:3:   lemuel_centaur_altar
Lair:4:   nicolae_swamp_entry_splash_gauntlet, serial_forest,
          infiniplex_forest_clump_tiny, infiniplex_forest_straight_3,
          infiniplex_forest_end_1, infiniplex_forest_end_1,
          infiniplex_forest_end_1, infiniplex_forest_join,
          infiniplex_forest_straight_1, st_stairs_4,
          chequers_serial_rivers_marsh
Lair:5:   portal_ice_cave_entry_pillars_2
Ossuary:  ossuary_tomb_1
IceCv:    ice_cave_small_necro

Skill      XL: |  1  2  3  4  5  6  7  8  9 10 11 12 |
---------------+-------------------------------------+-----
Fighting       | 3 4 6 7 8 10 12 14 | 14.9
Maces & Flails | 4 5 6 8 10 11 13 14 | 14.0
Conjurations   | 2 |  2.4
Armour         | 2 |  2.4
Fire Magic     | 2 |  2.2
Spellcasting   | 2 |  2.0
Throwing       | |  1.7
Dodging        | |  2.4

Action                   |  1- 3 |  4- 6 |  7- 9 | 10-12 || total
-------------------------+-------+-------+-------+-------++-------
Melee: Flail             |   150 |   166 |       |       ||   316
       Quarterstaff      |       |    59 |   508 |   615 ||  1182
Throw: Throwing net      |       |     2 |       |     3 ||     5
 Cast: Throw Flame       |       |       |       |    10 ||    10
       Sticky Flame      |       |       |       |     5 ||     5
       Conjure Flame     |       |       |       |     2 ||     2
Evoke: Lamp of fire      |       |       |       |     2 ||     2
       Wand              |       |       |       |     5 ||     5
  Use: Scroll            |     5 |     1 |     6 |    11 ||    23
 Stab: Paralysed         |       |       |     1 |     5 ||     6
       Confused          |       |       |     2 |     2 ||     4
       Held in net/web   |       |       |       |     2 ||     2
       Petrifying        |       |       |       |     1 ||     1
       Petrified         |       |       |       |     2 ||     2
  Eat: Chunk             |     1 |     9 |    14 |    22 ||    46
       Ration            |       |       |       |     1 ||     1
Armor: Leather armour    |    47 |       |    69 |   258 ||   374
       Chain mail        |    48 |   152 |   272 |       ||   472
Dodge: Dodged            |   107 |   104 |   208 |   389 ||   808

Table legend:
 A = Non-vault XP
 B = Vault XP
 C = Vault XP percentage of total XP
 D = Non-vault monster count
 E = Vault monster count
 F = Vault count percentage of total count
                 A         B        C        D         E       F
            +---------+---------+-------+---------+---------+-------
      Total |   21838 |    6091 |  21.8 |     261 |     105 |  28.7
            +---------+---------+-------+---------+---------+-------
        D:1 |      58 |       0 |   0.0 |      33 |       0 |   0.0
        D:2 |      25 |     161 |  86.6 |       7 |      18 |  72.0
        D:3 |     126 |      40 |  24.1 |      29 |       1 |   3.3
        D:4 |     629 |     154 |  19.7 |      16 |       5 |  23.8
        D:5 |     533 |     102 |  16.1 |      28 |       3 |   9.7
        D:6 |     675 |     369 |  35.3 |      15 |       2 |  11.8
        D:7 |    1085 |     118 |   9.8 |      36 |       1 |   2.7
        D:8 |    1404 |       0 |   0.0 |      22 |       0 |   0.0
     Lair:1 |    6813 |       0 |   0.0 |      27 |       0 |   0.0
     Lair:2 |    1990 |    1123 |  36.1 |      10 |      10 |  50.0
     Lair:3 |    6196 |     452 |   6.8 |      27 |       4 |  12.9
     Lair:4 |     742 |    1248 |  62.7 |       4 |       6 |  60.0
     Lair:5 |    1562 |       0 |   0.0 |       7 |       0 |   0.0
    Ossuary |       0 |     338 | 100.0 |       0 |      39 | 100.0
      IceCv |       0 |    1986 | 100.0 |       0 |      16 | 100.0
            +---------+---------+-------+---------+---------+-------
